 Dungeon Crawl Stone Soup version 0.27-a0-59-gfbafd837a3 (webtiles) character file.

Game seed: 6945107721732081624

928 Borgoz the Covered (level 8, -2/39 (54) HPs)
             Began as a Halfling Fighter on Jan 8, 2021.
             Succumbed to an orc wizard's poison
             ... on level 5 of the Dungeon.
             The game lasted 00:08:10 (5879 turns).

Borgoz the Covered (Halfling Fighter)               Turns: 5879, Time: 00:08:11

HP:   -2/39 (54)    AC: 10    Str: 17    XL:     8   Next: 32%
MP:   8/8           EV:  9    Int:  6    God:
Gold: 419           SH: 10    Dex: 16    Spells: 7/7 levels left

rFire    . . .     SeeInvis .   a - +1 long sword
rCold    . . .     Faith    .   c - +0 kite shield
rNeg     . . .     Spirit   .   b - +0 scale mail
rPois    .         Reflect  .   d - +0 helmet
rElec    .         Harm     .   o - +0 cloak
rCorr    +         Rampage  .   (no gloves)
Will     .....                  (no boots)
Stlth    ..........             s - amulet of the acrobat
HPRegen  0.13/turn              i - ring of attention (curse)
MPRegen  0.11/turn              n - ring of resist corrosion

@: lethally poisoned (-2 -> -47), very heavily drained
A: small, mutation resistance 1
a: no special abilities


You were on level 5 of the Dungeon.
You visited 1 branch of the dungeon, and saw 5 of its levels.
You also visited: Sewer.

You collected 419 gold pieces.

Inventory:

Hand Weapons
 a - a +1 long sword (weapon)
Armour
 b - a +0 scale mail (worn)
 c - a +0 kite shield (worn)
 d - a +0 helmet (worn)
 o - a +0 cloak (worn)
Jewellery
 i - a cursed ring of attention (left hand)
 n - a ring of resist corrosion (right hand)
 s - an amulet of the acrobat (around neck)
Wands
 q - a wand of digging (1)
Scrolls
 f - 5 scrolls of teleportation
 k - 4 scrolls of enchant weapon
 m - 3 scrolls of magic mapping
 r - 3 scrolls of fear
Potions
 e - a potion of flight
 j - 2 potions of cancellation
 t - a potion of magic
 v - a potion of brilliance


   Skills:
 + Level 4.2 Fighting
 * Level 5.5 Long Blades
 * Level 6.6 Armour
 + Level 5.2 Shields


You had 7 spell levels left.
You didn't know any spells.
Your spell library was empty.

Dungeon Overview and Level Annotations

Branches:
Dungeon (5/15)              Sewer (visited)
 Temple: D:4-7

Altars:
Ashenzari
Cheibriados
Trog
Wu Jian
Xom
Yredelemnul


Innate Abilities, Weirdness & Mutations

You are small and have problems with some larger weapons.
You are somewhat resistant to further mutation.


Message History

You block something's attack. Something hits you.
You feel drained.
You barely miss something.
* * * LOW HITPOINT WARNING * * *
You feel sick. Something hits you but does no damage.
You are more poisoned.
You hear some strange, mumbled words.
Something tries to affect you, but you resist.
Something hits you.
* * * LOW HITPOINT WARNING * * *
You are more poisoned.
You block something's attack.
You hit something.
* * * LOW HITPOINT WARNING * * *
You feel very sick. Something hits you.
* * * LOW HITPOINT WARNING * * *
You are more poisoned.
Something hits you but does no damage.
You feel drained.
You miss something.
You die...

.##.##### #........#
..=.....# #####.......#
........# #.......#.###
........# #.......#.##
........# #..........#
........# ######'#.#.#
......†)########.._..#
..[...[({{......##.#######
........#@..........#.....
........#...........#.####
........#...........#.....
#.......#...........######
#.......#########...#.....
#.......# #......#.####
#.......# #.#.#.>#.#
#.._..##.# ###.####.#


There were no monsters in sight!

Vanquished Creatures
  Eustachio (D:4)
  Purgy (Sewer)
  2 scorpions
  A centaur skeleton (D:5)
  Crazy Yiuf (D:2)
  2 jellies (D:5)
  Terence (D:2)
  Natasha (D:4)
  An iguana (D:4)
  2 worker ants
  Robin (D:2)
  7 gnolls
  9 adders
  An ooze (D:1)
  6 worms
  A dart slug (D:3)
  5 leopard geckos
  22 orcs
  A ball python (D:1)
  6 bats
  8 giant cockroaches
  21 goblins
  19 hobgoblins
  5 jackals
  5 quokkas
  7 frilled lizards
  21 kobolds
  A quokka skeleton (D:5)
  8 rats
167 creatures vanquished.

Notes
Turn   | Place    | Note
-------+----------+-------------------------------------------
     0 | D:1      | Borgoz the Halfling Fighter began the quest for the Orb.
     0 | D:1      | Reached XP level 1. HP: 15/15 MP: 1/1
   120 | D:1      | Reached XP level 2. HP: 18/20 MP: 2/2
   434 | D:1      | Reached XP level 3. HP: 25/25 MP: 3/3
  1227 | D:2      | Found a basalt altar of Yredelemnul.
  1273 | D:2      | Noticed Terence
  1291 | D:2      | Killed Terence
  1292 | D:2      | Reached skill level 4 in Armour
  1292 | D:2      | Reached XP level 4. HP: 22/31 MP: 4/4
  1906 | D:2      | Reached XP level 5. HP: 34/36 MP: 5/5
  2099 | D:2      | Noticed Robin
  2122 | D:2      | HP: 1/36 [Robin/+5 mace of holy wrath (8)]
  2127 | D:2      | Killed Robin
  2477 | D:2      | Found a runed translucent door.
  2478 | D:2      | Noticed Crazy Yiuf
  2490 | D:2      | Killed Crazy Yiuf
  2800 | D:3      | Reached XP level 6. HP: 41/42 MP: 6/6
  3320 | D:3      | Reached skill level 5 in Armour
  3554 | D:3      | Found a broken altar of Ashenzari.
  3554 | D:3      | Found a snail-covered altar of Cheibriados.
  3555 | D:3      | Found a shimmering altar of Xom.
  3612 | D:4      | Noticed Eustachio
  3723 | D:4      | Noticed Natasha
  3734 | D:4      | Killed Natasha
  3767 | D:4      | Found a glowing drain.
  3812 | Sewer    | Entered a sewer
  4081 | Sewer    | Noticed Purgy
  4112 | Sewer    | Killed Purgy
  4113 | Sewer    | Reached XP level 7. HP: 10/46 MP: 7/7
  4570 | D:4      | Killed Eustachio
  5170 | D:4      | Reached skill level 6 in Armour
  5301 | D:4      | Reached skill level 5 in Long Blades
  5457 | D:5      | Entered Level 5 of the Dungeon
  5462 | D:5      | Reached skill level 5 in Shields
  5462 | D:5      | Reached XP level 8. HP: 54/54 MP: 8/8
  5699 | D:5      | Found an ornate altar of the Wu Jian Council.
  5730 | D:5      | Found a bloodstained altar of Trog.
  5878 | D:5      | HP: 2/40 [something (4)]
  5879 | D:5      | Succumbed to an orc wizard's poison

Illustrated notes

Levels and vault maps discovered:
D:1:      enne_arrival_octagon_isle, layout_basic
D:2:      layout_loops_ring, yredelemnul_altar_generic, minmay_pentomino_o4,
          uniq_crazy_yiuf_cottage, uniq_robin, uniq_terence
D:3:      kb_forest_paths, layout_basic, nicolae_overflow_hidden_temple
D:4:      corexii_shantytown, layout_rooms, portal_sewer_entry_f,
          uniq_eustachio, uniq_natasha
D:5:      layout_basic, lemuel_crystal_altar, lemuel_crystal_altar

Skill      XL: |  1  2  3  4  5  6  7 |
---------------+----------------------+-----
Fighting       | 3 4 |  4.2
Armour         | 4 5 6 |  6.6
Long Blades    | 3 4 5 |  5.5
Shields        | 4 5 |  5.2

Action                   |  1- 3 |  4- 6 |  7- 9 || total
-------------------------+-------+-------+-------++-------
Melee: Long sword        |   108 |   310 |   227 ||   645
  Use: Potion            |       |    11 |     1 ||    12
       Scroll            |       |     2 |     8 ||    10
Armor: Scale mail        |    38 |   143 |   100 ||   281
Dodge: Dodged            |    34 |   142 |    87 ||   263
Block: Kite shield       |    63 |   191 |   115 ||   369
       Rpst.: Long sword |    15 |    34 |    31 ||    80

Table legend: (Time is in decaauts)
 A = Elapsed time spent in this place.
 B = Non-inter-level travel time spent in this place.
 C = Inter-level travel time spent in this place.
 D = Time resting spent in this place.
 E = Time spent auto-exploring this place.
 F = Levels seen in this place.
 G = Mean time per level.
                   A        B        C        D        E       F      G
               +--------+--------+--------+--------+--------+-----+--------+
         Total |   6086 |   5918 |    168 |   1035 |   3481 |   6 | 1014.3 |
       Dungeon |   5442 |   5274 |    168 |    699 |   3252 |   5 | 1088.4 |
         Sewer |    644 |    644 |      0 |    336 |    229 |   1 |  644.0 |
               +--------+--------+--------+--------+--------+-----+--------+

Top non-repeatable levels by time:
     D:2: 1772 daAuts
     D:4: 1167 daAuts
     D:1: 1048 daAuts
     D:3: 1016 daAuts
   Sewer: 644 daAuts
     D:5: 437 daAuts
